 Dungeon Crawl Stone Soup version 0.26.1-11-gd32895ea62 (webtiles) character file.

Game seed: 10568781719572450820

8946 boopmooplesden the Blocker (level 11, -4/94 HPs)
             Began as a Minotaur Fighter on July 14, 2021.
             Was a High Priest of Okawaru.
             Slain by an eight-headed hydra (10 damage)
             ... on level 1 of the Lair of Beasts.
             The game lasted 00:25:13 (13241 turns).

boopmooplesden the Blocker (Minotaur Fighter)      Turns: 13241, Time: 00:25:14

Health: -4/94      AC: 21    Str: 24    XL:     11   Next: 16%
Magic:  8/10       EV: 11    Int:  8    God:    Okawaru [*****.]
Gold:   913        SH: 21    Dex: 12    Spells: 10/10 levels left

rFire    + . .     SeeInvis .   a - +0 flail
rCold    . . .     Faith    .   E - +0 tower shield
rNeg     . . .     Spirit   .   H - +1 plate armour
rPois    .         Reflect  .   M - +1 hat of Duty {Str+2 Int+3}
rElec    .         Harm     .   (no cloak)
rCorr    .         Rampage  .   v - +0 pair of gloves
Will     .....                  l - +0 pair of boots
Stlth    ..........             (no amulet)
HPRegen  0.25/turn              h - ring of wizardry
MPRegen  0.12/turn              p - ring of protection from fire

@: lethally poisoned (-4 -> -5), heroism
A: retaliatory headbutt, horns 2
a: Renounce Religion, Heroism, Finesse


You were on level 1 of the Lair of Beasts.
You worshipped Okawaru.
Okawaru was extremely pleased with you.
You visited 4 branches of the dungeon, and saw 14 of its levels.
You also visited: Bailey.

You collected 1174 gold pieces.
You spent 261 gold pieces at shops.

Inventory:

Hand Weapons
 a - a +0 flail (weapon)
 t - a +2 vorpal dire flail
Missiles
 s - 9 poisoned darts (quivered)
 K - 2 silver javelins
Armour
 l - a +0 pair of boots (worn)
 v - a +0 pair of gloves (worn)
 E - a +0 tower shield (worn)
 H - a +1 plate armour (worn)
 M - the +1 hat of Duty (worn) {Str+2 Int+3}
   (You bought it in a shop on level 10 of the Dungeon)

   It affects your strength (+2).
   It affects your intelligence (+3).
Jewellery
 b - a +6 ring of intelligence
 c - an uncursed ring of see invisible
 h - a ring of wizardry (left hand)
 p - a ring of protection from fire (right hand)
 L - an uncursed ring of positive energy
 N - an uncursed ring of positive energy
Scrolls
 f - 3 scrolls of identify
 i - 2 scrolls of amnesia
 n - 6 scrolls of teleportation
 w - 4 scrolls of remove curse
 B - 2 scrolls of magic mapping
 C - a scroll of fog {unknown}
 I - a scroll of enchant weapon {unknown}
Potions
 d - a potion of might
 e - 4 potions of lignification
 g - 3 potions of attraction
 j - a potion of invisibility {unknown}
 k - a potion of berserk rage {unknown}
 m - 4 potions of curing
 q - a potion of magic {unknown}
 r - a potion of mutation {unknown}
 z - 2 potions of degeneration {unknown}
 A - a potion of heal wounds {unknown}
 D - a potion of resistance {unknown}
 F - 2 potions of cancellation {unknown}
 J - a potion of flight {unknown}
Miscellaneous
 o - a lightning rod (4/4)
 G - a box of beasts


   Skills:
 + Level 8.2(13.2) Fighting
 + Level 11.3(16.3) Maces & Flails
 + Level 1.2(6.2) Throwing
 + Level 9.1(14.1) Armour
 + Level 6.3(11.3) Dodging
 + Level 1.1(6.1) Stealth
 + Level 11.8(16.8) Shields
 + Level 0.5 Invocations


You had 10 spell levels left.
You didn't know any spells.
Your spell library contained the following spells:

 Spells                   Type           Power        Failure   Level
 Bolt of Magma            Conj/Fire/Erth 0%           100%        5
 Iskenderun's Battlesphe  Conj           0%           100%        5
 Iron Shot                Conj/Erth      0%           100%        6
 Orb of Destruction       Conj           0%           100%        7
 Spellforged Servitor     Conj/Summ      0%           100%        7


Dungeon Overview and Level Annotations

Branches:
Dungeon (11/15)            Temple (1/1) D:6            Lair (1/6) D:8
    Orc (1/2) D:10         Bailey (visited)

Altars:
Ashenzari
Cheibriados
Dithmenos
Elyvilon
Fedhas
Gozag
Hepliaklqana
Kikubaaqudgha
Makhleb
Nemelex Xobeh
Okawaru
Qazlal
Ru
Sif Muna
Trog
Uskayaw
Vehumet
Wu Jian
Xom
Yredelemnul
Zin
The Shining One

Shops:
D:10 *

Annotations:
D:3 Blork the orc
D:8 exclusion: statue
Orc:1 Fannar, Harold, Jorgrun


Innate Abilities, Weirdness & Mutations

You reflexively headbutt those who attack you in melee.
You have a pair of horns on your head.


Message History

You barely miss the eight-headed hydra. You headbutt the eight-headed hydra.
The eight-headed hydra is severely wounded.
You hit the eight-headed hydra.
The eight-headed hydra is severely wounded.
You block the eight-headed hydra's attack. x2
The eight-headed hydra bites you but does no damage.
The eight-headed hydra bites you.
* * * LOW HITPOINT WARNING * * *
The eight-headed hydra bites you but does no damage.
The eight-headed hydra barely misses you.
You block the eight-headed hydra's attack.
The eight-headed hydra bites you but does no damage.
You hit the eight-headed hydra but do no damage.
You headbutt the eight-headed hydra!
The eight-headed hydra is almost dead.
The eight-headed hydra bites you but does no damage.
The eight-headed hydra bites you!
* * * LOW HITPOINT WARNING * * *
The eight-headed hydra bites you!
You die...

##.....b..#
#...P.....#
#.....?.##
#.##.....#
#...<..S.#
#####.#..# #
####.## P#
##P#..S###.#
.......SD@..#
######P.#####
#..# #.## #.#
..# ##.


You could see an eight-headed hydra, a black mamba and a water moccasin.

Vanquished Creatures
  Erica (D:10)
  3 two-headed ogres
  A komodo dragon (D:6)
  A troll (D:11)
  Sigmund (D:4)
  5 yaks
  A wyvern (D:9)
  Edmund (D:4)
  A water moccasin (D:9)
  A hornet zombie (D:9)
  A black bear (D:9)
  6 orc warriors
  2 ice beasts
  A sky beast (D:6)
  2 necrophages
  5 ogres
  4 centaurs
  A big kobold (D:11)
  2 bullfrogs
  A gnoll sergeant (D:6)
  A wyvern skeleton (D:8)
  A water moccasin zombie (D:4)
  5 scorpions
  7 killer bees
  A lava snake (D:7)
  A centaur zombie (D:7)
  2 jellies
  4 bullfrog zombies
  5 hounds
  6 orc priests
  13 orc wizards
  Jessica (D:2)
  3 bullfrog skeletons
  2 centaur skeletons
  3 iguanas
  6 worker ants
  A hound zombie (D:8)
  A howler monkey zombie (D:7)
  2 worker ant zombies
  15 gnolls
  A howler monkey skeleton (D:4)
  12 adders
  A shadow imp (D:6)
  6 white imps
  An ufetubus (D:7)
  2 oozes
  2 adder skeletons (D:4)
  2 worms
  3 dart slugs
  5 leopard geckos
  50 orcs
  A ball python (D:3)
  A bat zombie (D:7)
  5 giant cockroaches
  5 goblins
  11 hobgoblins
  15 jackals
  12 kobolds
  7 bats
  4 frilled lizards
  A jackal skeleton (D:5)
  A leopard gecko skeleton (D:5)
  3 quokka skeletons
  2 quokka zombies
  8 rats
  A rat zombie (D:7)
283 creatures vanquished.

Vanquished Creatures (others)
  A fungus (Lair:1)
  A plant (D:4)
2 creatures vanquished.

Grand Total: 285 creatures vanquished

Notes
Turn   | Place    | Note
-------+----------+-------------------------------------------
     0 | D:1      | boopmooplesden the Minotaur Fighter began the quest for the
                  | Orb.
     0 | D:1      | Reached XP level 1. HP: 19/19 MP: 0/0
   130 | D:1      | Reached XP level 2. HP: 25/27 MP: 1/1
   509 | D:1      | Reached XP level 3. HP: 33/33 MP: 2/2
  1138 | D:2      | Reached XP level 4. HP: 40/40 MP: 3/3
  1524 | D:2      | Noticed Jessica
  1529 | D:2      | Killed Jessica
  1530 | D:2      | Reached skill level 1 in Dodging
  1580 | D:2      | Reached XP level 5. HP: 42/47 MP: 4/4
  1986 | D:2      | Found a stormy altar of Qazlal.
  1987 | D:2      | Found a shimmering altar of Xom.
  2129 | D:2      | Found an ornate altar of the Wu Jian Council.
  2383 | D:3      | Reached skill level 5 in Shields
  2541 | D:3      | Reached skill level 5 in Armour
  2541 | D:3      | Reached XP level 6. HP: 41/53 MP: 5/5
  2727 | D:3      | Noticed Blork the orc
  2733 | D:3      | Found a shimmering blue altar of Sif Muna.
  3108 | D:3      | Reached skill level 5 in Maces & Flails
  3624 | D:3      | You fall into a shaft and drop 1 floor!
  3722 | D:4      | Reached XP level 7. HP: 51/60 MP: 6/6
  4009 | D:4      | Found a glowing golden altar of the Shining One.
  4009 | D:4      | Found a white marble altar of Elyvilon.
  4009 | D:4      | Found a glowing silver altar of Zin.
  4189 | D:4      | Noticed Sigmund
  4199 | D:4      | Killed Sigmund
  4200 | D:4      | Reached skill level 5 in Fighting
  4205 | D:4      | Noticed Edmund
  4221 | D:4      | Killed Edmund
  4222 | D:4      | Reached XP level 8. HP: 43/68 MP: 7/7
  4544 | D:5      | Entered Level 5 of the Dungeon
  5631 | D:6      | Found a staircase to the Ecumenical Temple.
  5674 | Temple   | Entered the Ecumenical Temple
  5729 | Temple   | Became a worshipper of Warmaster Okawaru
  6058 | D:6      | Noticed a komodo dragon
  6065 | D:6      | Killed a komodo dragon
  6329 | D:6      | Reached XP level 9. HP: 51/75 MP: 8/8
  6733 | D:7      | Reached * piety under Okawaru
  6914 | D:7      | Found a basalt altar of Yredelemnul.
  7174 | D:7      | Found an ancient bone altar of Kikubaaqudgha.
  7304 | D:7      | Found an opulent altar of Gozag.
  7886 | D:8      | Found a radiant altar of Vehumet.
  7921 | D:8      | Found a staircase to the Lair.
  8219 | D:8      | Noticed a two-headed ogre
  8231 | D:8      | Killed a two-headed ogre
  8231 | D:8      | Reached ** piety under Okawaru
  8987 | D:8      | Reached skill level 10 in Maces & Flails
  9033 | D:8      | Noticed a two-headed ogre
  9046 | D:8      | Killed a two-headed ogre
  9046 | D:8      | Reached *** piety under Okawaru
  9047 | D:8      | Reached skill level 10 in Shields
  9047 | D:8      | Reached XP level 10. HP: 19/86 MP: 9/9
  9733 | D:9      | Reached skill level 5 in Dodging
  9932 | D:9      | Found a flagged portal.
  9941 | Bailey   | Entered a bailey
 10117 | Bailey   | Found a burning altar of Makhleb.
 10133 | Bailey   | Reached skill level 1 in Throwing
 10522 | D:9      | Found a sacrificial altar of Ru.
 10524 | D:9      | Found a bloodstained altar of Trog.
 10617 | D:9      | Reached **** piety under Okawaru
 11309 | D:10     | Entered Level 10 of the Dungeon
 11309 | D:10     | Noticed a two-headed ogre
 11321 | D:10     | Killed a two-headed ogre
 11322 | D:10     | Reached skill level 1 in Stealth
 11531 | D:10     | Noticed Erica
 11567 | D:10     | Killed Erica
 11567 | D:10     | Reached ***** piety under Okawaru
 11567 | D:10     | Received a gift from Okawaru
 11572 | D:10     | Reached XP level 11. HP: 51/94 MP: 8/10
 12088 | D:10     | Found Diryir's Assorted Antiques.
 12095 | D:10     | Bought a distressingly furry hat for 261 gold pieces
 12100 | D:10     | Identified the +1 hat of Duty {Str+2 Int+3} (You bought it
                  | in a shop on level 10 of the Dungeon)
 12259 | D:10     | Found a staircase to the Orcish Mines.
 12532 | D:10     | HP: 3/94 [yak (12)]
 12939 | Orc:1    | Entered Level 1 of the Orcish Mines
 12939 | Orc:1    | Noticed Jorgrun
 12939 | Orc:1    | Noticed Fannar
 13126 | Orc:1    | Noticed Harold
 13219 | Lair:1   | Entered Level 1 of the Lair of Beasts
 13219 | Lair:1   | Noticed an eight-headed hydra
 13241 | Lair:1   | Slain by an eight-headed hydra

Illustrated notes

Levels and vault maps discovered:
D:1:      giann_forest_graveyard, layout_loops_ring
D:2:      layout_loops_corners, minitemple, lemuel_coloured_pillars_altar,
          uniq_jessica
D:3:      layout_basic, tgw_sif
D:4:      layout_cave_pools, good_gods_mini_temple, sigmund_edmund_badplayer
D:5:      layout_rooms, st_stairs_8
D:6:      layout_gridville, minmay_temple_entry_slanted
D:7:      layout_cave_pods, grunt_gozag_statues,
          lemuel_zombie_altar_kikubaaqudgha, yredelemnul_altar_generic,
          kennysheep_generic_room_3
D:8:      layout_layer_cave, vehumet_statue, lair_entry_dummy,
          serial_park_tiny_pond
D:9:      layout_irregular_city, nicolae_overflow_hidden_temple, enter_bailey_6
D:10:     layout_rooms, hiddenorc1_lemuel, serial_shops, nicolae_shop_stone,
          uniq_erica
D:11:     layout_loops_cross, basic_altar, uniq_josephine
Temple:   kb_temple_of_zot
Lair:1:   layout_loops_ring, lemuel_fruit_fields, grunt_megastairs_3,
          serial_bayou_shore_b, lemuel_fruit_fields
Orc:1:    layout_caves, enter_volcano_2, uniq_jorgrun, uniq_fannar, uniq_harold

Skill      XL: |  1  2  3  4  5  6  7  8  9 10 |
---------------+-------------------------------+-----
Armour         | 4 5 6 8 9 |  9.1
Fighting       | 4 5 7 8 |  8.2
Shields        | 4 5 7 8 10 11 | 11.8
Maces & Flails | 3 4 5 6 8 10 11 | 11.3
Dodging        | 1 2 3 4 6 |  6.3
Throwing       | 1 |  1.2
Stealth        | 1 |  1.1
Invocations    | |  0.5

Action                   |  1- 3 |  4- 6 |  7- 9 | 10-12 || total
-------------------------+-------+-------+-------+-------++-------
Melee: Flail             |    66 |   163 |   394 |   343 ||   966
       Headbutt          |    10 |    29 |    79 |    79 ||   197
Throw: Dart              |       |       |       |     8 ||     8
Invok: Heroism           |       |       |       |     8 ||     8
  Use: Scroll            |       |     5 |     2 |     8 ||    15
Armor: Scale mail        |    30 |    62 |   157 |    89 ||   338
       Plate armour      |       |       |       |    27 ||    27
Dodge: Dodged            |    27 |    68 |   143 |   133 ||   371
Block: Kite shield       |    32 |   104 |   177 |       ||   313
       Tower shield      |       |       |   135 |   454 ||   589
